 Dungeon Crawl Stone Soup version 0.28-a0-43-g560ac104fe (webtiles) character file.

Game seed: 11559633138274032095

105 Conn the Firebug (level 4, -2/27 HPs)
             Began as an Octopode Fire Elementalist on July 28, 2021.
             Killed from afar by an orc wizard (6 damage)
             ... with a magic dart
             ... on level 3 of the Dungeon.
             The game lasted 00:03:16 (2699 turns).

Conn the Firebug (Octopode Fire Elementalist)       Turns: 2699, Time: 00:03:20

Health: -2/27      AC:  1    Str:  7    XL:     4   Next: 83%
Magic:  8/8        EV: 13    Int: 18    God:
Gold:   146        SH:  0    Dex: 12    Spells: 2/8 levels left

rFire   . . .      SeeInvis .   f - +0 long sword
rCold   . . .      Faith    .   (no shield)
rNeg    . . .      Spirit   .   (helmet restricted)
rPois   .          Reflect  .   (no amulet)
rElec   .          Harm     .   (no ring)
rCorr   .          Rampage  .   (no ring)
Will    .....                   (no ring)
Stlth   +++.......              (no ring)
HPRegen 0.09/turn               (no ring)
MPRegen 0.11/turn               (no ring)
                                (no ring)
                                (no ring)

@: no status effects
A: almost no armour, amphibious, 8 rings, camouflage 1, gelatinous body 1,
(nimble swimmer 1), tentacles
a: no special abilities


You were on level 3 of the Dungeon.
You visited 1 branch of the dungeon, and saw 3 of its levels.

You collected 146 gold pieces.

Inventory:

Hand Weapons
 f - a +0 long sword (weapon)
Missiles
 d - 15 poisoned darts
Scrolls
 b - a scroll of teleportation {unknown}
 c - a scroll of vulnerability {unknown}
 g - 2 scrolls of fog {unknown}
 j - 3 scrolls of identify
 k - a scroll of enchant weapon {unknown}
 m - a scroll of acquirement {unknown}
 n - a scroll of magic mapping {unknown}
Potions
 a - 2 potions of resistance
 e - a potion of magic {unknown}
 h - a potion of lignification
 i - a potion of curing {unknown}
 l - a potion of brilliance {unknown}


   Skills:
 + Level 0.6 Long Blades
 + Level 2.0 Dodging
 + Level 3.4 Stealth
 + Level 2.8 Spellcasting
 * Level 2.0 Conjurations
 * Level 4.0 Fire Magic


You had 2 spell levels left.
You knew the following spells:

 Your Spells              Type           Power      Damage    Failure   Level
a - Foxfire               Conj/Fire      52%        2x1d6     4%          1
b - Conjure Flame         Conj/Fire      13%        6-21      14%         3
f - Blink                 Tloc           N/A        N/A       26%         2

Your spell library contained the following spells:

 Spells                   Type           Power      Damage    Failure   Level
 Inner Flame              Hex/Fire       9%         N/A       22%         3
 Sticky Flame             Conj/Fire      13%        2d4       43%         4
 Gell's Gravitas          Tloc           1%         N/A       45%         3
 Lesser Beckoning         Tloc           1%         N/A       45%         3
 Teleport Other           Tloc           2%         N/A       45%         3
 Fireball                 Conj/Fire      6%         3d5       80%         5
 Manifold Assault         Tloc           2%         N/A       99%         5


Dungeon Overview and Level Annotations

Branches:
Dungeon (3/15)

Altars:


Innate Abilities, Weirdness & Mutations

You cannot wear most types of armour.
You are amphibious.
You can wear up to eight rings at the same time.
Your skin changes colour to match your surroundings (Stealth+).
Your rubbery body absorbs attacks. (AC +1, EV +1)
((You are camouflaged near water. (Stealth+)))
You have tentacles for arms and can constrict up to eight enemies at once.


Message History

The orc is heavily wounded.
The orc closely misses you.
You riposte.
You closely miss the orc. You grab the orc.
The orc is heavily wounded.
You hit the orc.
You kill the orc!
An orc wizard comes into view. It is wielding a +0 dagger.
An orc comes into view.
It is wielding a +2 flail of protection.
The orc wizard barely misses you.
Items here: ))) [ ††.
You barely miss the orc wizard. You grab the orc wizard.
You constrict the orc wizard.
The orc wizard hits you with a +0 dagger.
The orc wizard closely misses you.
You hit the orc wizard but do no damage.
You squeeze the orc wizard.
The orc wizard is heavily wounded.
You constrict the orc wizard, but do no damage.
The orc wizard struggles to escape constriction.
You hit the orc wizard.
The orc wizard is almost dead.
You constrict the orc wizard.
The orc wizard mumbles some strange words.
The orc wizard flickers and vanishes!
Deactivating autopickup; reactivate with Ctrl-A.
You closely miss something. You constrict something. Something hits you.
You barely miss the orc. You grab the orc.
You constrict the orc, but do no damage.
The orc misses you.
You hear some strange, mumbled words.
A puff of flame appears from out of thin air!
The puff of flame hits you!
You barely miss the orc.
You constrict the orc, but do no damage.
The orc hits you with a +2 flail of protection!
* * * LOW HITPOINT WARNING * * *
You hear some strange, mumbled words.
A magic dart appears from out of thin air!
The magic dart hits you.
You die...

#####.#.......###.#######
#...... ##.######## #.#
#.####. ### .#.
#######...... .#
#.........##### ##
########.# # #.# # #.# #
#############.# #
#{@...........# #
#o############# # #. #.
.. ##


You could see an orc.

Vanquished Creatures
  An orc priest (D:3)
  A gnoll (D:1)
  2 adders
  2 dart slugs
  5 orcs (D:3)
  3 ball pythons
  4 bats
  4 endoplasms
  A giant cockroach (D:1)
  4 goblins
  5 hobgoblins
  2 kobolds
  A quokka (D:1)
  3 frilled lizards
38 creatures vanquished.

Vanquished Creatures (others)
  129 foxfires
129 creatures vanquished.

Grand Total: 167 creatures vanquished

Notes
Turn   | Place    | Note
-------+----------+-------------------------------------------
     0 | D:1      | Conn the Octopode Fire Elementalist began the quest for the
                  | Orb.
     0 | D:1      | Reached XP level 1. HP: 11/11 MP: 3/3
   203 | D:1      | Reached XP level 2. HP: 17/17 MP: 0/5
   303 | D:1      | Found a faded altar of an unknown god.
   842 | D:1      | Reached XP level 3. HP: 21/21 MP: 1/6
  1591 | D:2      | Learned a level 3 spell: Conjure Flame
  1594 | D:2      | Learned a level 2 spell: Blink
  2082 | D:3      | Reached XP level 4. HP: 27/27 MP: 5/8
  2536 | D:3      | Reached skill level 4 in Fire Magic
  2699 | D:3      | Killed from afar by an orc wizard

Illustrated notes

Levels and vault maps discovered:
D:1:      dpeg_arrival_rooms_b, layout_basic, basic_ecumenical_altar
D:2:      layout_basic, minmay_misc_feat_rows, kennysheep_cluttered_room,
          minivault_4, minmay_indecisive_spiral
D:3:      layout_loops_ring

Skill      XL: |  1  2  3  4 |
---------------+-------------+-----
Stealth        | 3 |  3.4
Fire Magic     | 4 |  4.0
Conjurations   | 2 |  2.0
Long Blades    | |  0.6
Dodging        | |  2.0
Spellcasting   | |  2.8

Action                   |  1- 3 |  4- 6 || total
-------------------------+-------+-------++-------
Melee: Long sword        |     8 |    12 ||    20
       Constrict         |     3 |     5 ||     8
       Tentacles         |     2 |     2 ||     4
       Unarmed           |     2 |       ||     2
 Cast: Foxfire           |    55 |    16 ||    71
  Use: Scroll            |     2 |       ||     2
 Stab: Sleeping          |     1 |     1 ||     2
Armor: Skin              |     1 |       ||     1
Dodge: Dodged            |    15 |    11 ||    26
       Rpst.: Long sword |     3 |     3 ||     6

Table legend: (Time is in decaauts)
 A = Elapsed time spent in this place.
 B = Non-inter-level travel time spent in this place.
 C = Inter-level travel time spent in this place.
 D = Time resting spent in this place.
 E = Time spent auto-exploring this place.
 F = Levels seen in this place.
 G = Mean time per level.
                   A        B        C        D        E       F      G
               +--------+--------+--------+--------+--------+-----+--------+
         Total |   2705 |   2656 |     49 |      0 |   2239 |   3 |  901.7 |
       Dungeon |   2705 |   2656 |     49 |      0 |   2239 |   3 |  901.7 |
               +--------+--------+--------+--------+--------+-----+--------+

Top non-repeatable levels by time:
     D:1: 1125 daAuts
     D:2: 849 daAuts
     D:3: 730 daAuts
